AoeStats
← AntiMetaist

Black Forest

510327958Analyzed
4v4 RM · 2d ago on Sep 30, 2026· 42m 42s· 8 players
Game mode
Random Map
Map size
Large (8 player)
Population
200
Speed
Normal
Resources
Standard
Victory
Conquest
Starting age
Dark Age
Ending age
Imperial Age
RankedLock teamsTeams togetherTeam positionsShared explorationLock speedFull tech treeHidden civsTurbo modeCheats
Victory
Defeat
🇨🇳 Hindustanis · China
1753
+12
🇻🇳 Franks · Vietnam
1703
+14
🇨🇳 Britons · China
1603
+18
🇨🇴 Slavs · Colombia
1548
+21
🇪🇨 Lithuanians · Ecuador
1685
-17
🇬🇧 Danes · United Kingdom
1671
-17
🇹🇷 Japanese · Türkiye
1654
-16
🇦🇹 Cumans · Austria
1633
-15
JustAGecko
11:28 Feudal Age
15:16 Castle Age
13:35 Gold Mining
13:26 Horse Collar
13:32 Double-Bit Axe
16:56 Bow Saw
21:53 Arson
23:20 Squires
23:35 Scale Mail Armor
24:44 Chain Mail Armor
28:07 Wheelbarrow
29:42 Hand Cart
29:35 Heavy Plow
32:31 Gold Shaft Mining
31:47 Stone Mining
36:04 Imperial Age
34:55 Stone Shaft Mining
35:02 Loom
36:01 Forging
35:15 Hamask
36:21 Masonry
36:28 Onager
37:40 Siege Engineers
39:02 Town Watch
42:01 Siege Onager
Kaladin Stormblessed
0:40 Loom
12:07 Feudal Age
15:47 Castle Age
14:01 Double-Bit Axe
14:33 Horse Collar
17:17 Bow Saw
19:26 Sanctity
21:01 Redemption
24:30 Wheelbarrow
25:57 Heavy Plow
28:49 Hand Cart
28:56 Stone Mining
29:36 Town Watch
29:44 Gold Mining
34:29 Imperial Age
33:16 Scale Barding Armor
34:23 Forging
34:35 Bloodlines
34:26 Husbandry
35:21 Stone Shaft Mining
35:02 Squires
35:06 Scale Mail Armor
34:42 Onager
36:13 Conscription
36:28 Chain Barding Armor
36:07 Elite Leitis
37:20 Fletching
38:51 Iron Casting
39:29 Plate Barding Armor
39:35 Plate Barding Armor
40:24 Bodkin Arrow
USTA
0:43 Loom
11:27 Feudal Age
19:47 Castle Age
19:57 Double-Bit Axe
26:22 Fletching
27:05 Bodkin Arrow
31:04 Bow Saw
31:27 Fortified Wall
31:28 Masonry
38:42 Imperial Age
AntiMetaist
10:01 Feudal Age
10:14 Loom
11:35 Double-Bit Axe
16:36 Horse Collar
18:11 Wheelbarrow
22:00 Castle Age
22:03 Scale Barding Armor
22:42 Gold Mining
23:24 Bloodlines
24:02 Capped Ram
26:19 Chain Barding Armor
28:23 Forging
33:54 Gold Shaft Mining
36:13 Imperial Age
33:59 Stone Mining
35:28 Masonry
36:15 Fletching
36:25 Padded Archer Armor
36:25 Scale Mail Armor
36:26 Padded Archer Armor
38:05 Chemistry
37:45 Conscription
37:34 Bodkin Arrow
37:54 Leather Archer Armor
38:45 Parthian Tactics
38:40 Thumb Ring
38:57 Elite Kipchak
41:08 Hoardings
The .Gocho
10:06 Feudal Age
13:43 Castle Age
12:18 Double-Bit Axe
13:03 Horse Collar
21:01 Heavy Plow
21:31 Loom
22:42 Wheelbarrow
22:06 Town Watch
22:49 Bow Saw
23:19 Stone Mining
23:21 Gold Mining
24:53 Gold Shaft Mining
25:25 Hand Cart
25:50 Masonry
30:08 Imperial Age
27:53 Scale Mail Armor
28:04 Forging
28:56 Detinets
29:09 Pikeman
29:50 Squires
30:30 Chain Mail Armor
30:50 Iron Casting
30:10 Man-at-Arms
30:24 Halberdier
30:36 Capped Ram
30:39 Onager
32:23 Plate Mail Armor
32:20 Long Swordsman
32:35 Siege Ram
34:43 Blast Furnace
33:35 Fletching
33:27 Two-Handed Swordsman
34:57 Champion
36:40 Siege Engineers
37:39 Bodkin Arrow
37:50 Scale Barding Armor
39:18 Ballistics
39:58 Chemistry
41:15 Conscription
40:56 Druzhina
42:42 Chain Barding Armor
mongo
11:15 Feudal Age
11:52 Double-Bit Axe
14:41 Castle Age
12:23 Horse Collar
16:32 Bow Saw
17:06 Wheelbarrow
17:48 Heavy Plow
27:02 Fletching
27:05 Guard Tower
28:15 Hand Cart
30:33 Imperial Age
27:51 Loom
29:03 Gold Mining
29:22 Padded Archer Armor
31:14 Bodkin Arrow
32:26 Chemistry
30:50 Onager
31:48 Bloodlines
32:18 Husbandry
32:14 Heavy Camel Rider
33:26 Scale Barding Armor
32:54 Light Cavalry
35:04 Chain Barding Armor
36:22 Plate Barding Armor
39:46 Imperial Camel Rider
42:10 Fortified Wall
42:11 Masonry
43:24 Forging
克莱因蓝
6:14 Loom
8:39 Feudal Age
10:05 Double-Bit Axe
11:31 Fletching
13:54 Horse Collar
20:27 Castle Age
20:45 Town Watch
20:31 Crossbowman
21:08 Bodkin Arrow
22:53 Bow Saw
23:20 Wheelbarrow
23:53 Heavy Plow
24:50 Gold Mining
25:21 Stone Mining
27:30 Gold Shaft Mining
27:26 Hand Cart
34:03 Imperial Age
32:09 Padded Archer Armor
32:39 Ballistics
34:46 Bracer
35:49 Chemistry
34:28 Sappers
34:32 Elite Longbowman
35:32 Conscription
36:00 Leather Archer Armor
36:14 Conscription
37:28 Ring Archer Armor
36:40 Treadmill Crane
37:32 Town Patrol
38:16 Arbalester
40:31 Two-Man Saw
40:08 Caravan
42:07 Siege Engineers
42:17 Guilds
42:54 Warwolf
ZiZi
1:42 Loom
14:32 Feudal Age
20:28 Castle Age
18:42 Double-Bit Axe
23:07 Fletching
32:35 Bow Saw
35:35 Wheelbarrow
35:26 Stone Mining
41:00 Gold Mining
42:35 Gold Shaft Mining
Connection lost

Rejoining the realm…

Still unreachable

The connection could not be restored.

Session expired

The server has moved on; the page needs a fresh start.